 Dungeon Crawl Stone Soup version 0.29.1-debian-1-gc3f1650bb9 (webtiles) character file.

Game seed: 8348823613277115474

116 pokeman the Magician (level 4, -1/25 HPs)
             Began as a Deep Elf Hedge Wizard on Sept 12, 2022.
             Slain by an iguana (3 damage)
             ... on level 5 of the Dungeon.
             The game lasted 00:04:52 (2487 turns).

pokeman the Magician (Deep Elf Hedge Wizard)        Turns: 2487, Time: 00:04:53

Health: -1/25      AC:  3    Str:  7    XL:     4   Next: 70%
Magic:  1/22       EV: 12    Int: 21    God:
Gold:   150        SH:  0    Dex: 14    Spells: 4/14 levels left

rFire   . . .      SeeInvis .   a - +0 dagger
rCold   . . .      Faith    .   (no shield)
rNeg    . . .      Spirit   .   s - +0 leather armour
rPois   .          Reflect  .   c - +0 hat
rElec   .          Harm     .   (no cloak)
rCorr   .          Rampage  .   (no gloves)
Will    .....                   (no boots)
Stlth   ++........              (no amulet)
HPRegen 0.08/turn               l - ring of magical power
MPRegen 0.18/turn               (no ring)

@: no status effects
A: no striking features
a: no special abilities


You were on level 5 of the Dungeon.
You visited 1 branch of the dungeon, and saw 4 of its levels.

You collected 150 gold pieces.

Inventory:

Hand Weapons
 a - a +0 dagger (weapon)
Missiles
 h - a throwing net
 k - 3 curare-tipped darts
Armour
 c - a +0 hat (worn)
 m - a +0 buckler
 s - a +0 leather armour (worn)
Jewellery
 l - a ring of magical power (left hand)
Scrolls
 j - a scroll of blinking {unknown}
 n - a scroll of magic mapping {unknown}
 o - a scroll of teleportation {unknown}
 q - 2 scrolls of identify {unknown}
 r - 2 scrolls of vulnerability {unknown}
Potions
 d - a potion of magic
 e - a potion of attraction {unknown}
 f - 2 potions of curing {unknown}
 g - 2 potions of berserk rage {unknown}
 i - a potion of mutation {unknown}
 p - a potion of brilliance {unknown}


   Skills:
 - Level 1.1 Fighting
 - Level 1.1 Armour
 + Level 2.7 Dodging
 - Level 2.4 Stealth
 + Level 0.4 Shields
 * Level 5.8 Spellcasting
 + Level 2.3 Conjurations
 - Level 1.1 Summonings
 - Level 1.1 Translocations


You had 4 spell levels left.
You knew the following spells:

 Your Spells              Type           Power      Damage    Failure   Level
a - Magic Dart            Conj           64%        1d6       5%          1
b - Mephitic Cloud        Conj/Pois/Air  9%         N/A       30%         3
c - Call Imp              Summ           10%        N/A       14%         2
d - Blink                 Tloc           20%        N/A       14%         2
e - Cigotuvi's Dreadful   Necr/Pois/Air  12%        N/A       22%         2

Your spell library contained the following spells:

 Spells                   Type           Power      Damage    Failure   Level
 Slow                     Hex            24%        N/A       14%         1
 Sting                    Tmut/Pois      24%        1d4       14%         1
 Poisonous Vapours        Pois/Air       12%        N/A       22%         2
 Olgreb's Toxic Radiance  Pois           6%         N/A       82%         4


Dungeon Overview and Level Annotations

Branches:
Dungeon (3/15)

Altars:
Zin


Message History

The orc is lightly wounded.
The orc hits you with a +0 club.
* * * LOW HITPOINT WARNING * * *
Your crimson imp hits the orc.
Unknown command.
Your crimson imp barely misses the orc.
The orc barely misses your crimson imp.
Casting: Call Imp (safe; 14% risk of failure)
Confirm with . or Enter, or press ? or * to list all spells.
A beastly little devil appears in a puff of flame.
The iguana hisses angrily.
Your crimson imp disappears in a puff of smoke!
The orc misses you.
Unknown command.
You swap places.
The orc barely misses your crimson imp.
Your crimson imp barely misses the orc.
Unknown command.
An adder comes into view.
The orc hits your crimson imp but does no damage.
Your crimson imp blinks!
Unknown command.
The orc barely misses you.
Your crimson imp blinks!
Unknown command.
You hit the orc but do no damage. The orc hits you but does no damage.
The iguana closely misses you.
Unknown command.
You hit the orc but do no damage.
The iguana bites you but does no damage.
The orc hits you with a +0 club.
* * * LOW HITPOINT WARNING * * *
Unknown command.
Casting: Call Imp (safe; 14% risk of failure)
Confirm with . or Enter, or press ? or * to list all spells.
Aiming: Magic Dart (safe; 5% risk of failure)
Press: ? - help, Shift-Dir - straight line, f - orc
Aim: an orc, wielding a +0 club and wearing a +0 chain mail (ally target, 100% to hit)
The magic dart hits the orc.
The orc is heavily wounded.
The iguana bites you.
You die...

########
#......#
#......##
#.......#######
#.....5.)o@lS.#
#.....[)#####..#
#######)# ..#
#.### .# #.).#
.#. ###)## ....
#).##..#
##oo...# #.....#


You could see an iguana, an adder, an orc (ally target) and a friendly crimson
imp (summoned).

Vanquished Creatures
  An orc priest (D:5)
  Terence (D:2)
  A worm (D:2)
  2 dart slugs (D:1)
  10 orcs (D:5)
  5 endoplasms
  4 goblins
  4 hobgoblins (D:1)
  5 kobolds
  A bat (D:1)
  2 frilled lizards (D:1)
  5 rats
41 creatures vanquished.

Vanquished Creatures (collateral kills)
  An orc (D:5)
1 creature vanquished.

Grand Total: 42 creatures vanquished

Notes
Turn   | Place    | Note
-------+----------+-------------------------------------------
     0 | D:1      | pokeman the Deep Elf Hedge Wizard began the quest for the
                  | Orb.
     0 | D:1      | Reached XP level 1. HP: 10/10 MP: 7/7
   399 | D:1      | Reached XP level 2. HP: 16/16 MP: 7/9
   649 | D:1      | Found a faded altar of an unknown god.
  1063 | D:1      | Reached skill level 5 in Spellcasting
  1621 | D:2      | Reached XP level 3. HP: 20/20 MP: 11/11
  1626 | D:2      | Learned a level 3 spell: Mephitic Cloud
  1629 | D:2      | Learned a level 2 spell: Call Imp
  1632 | D:2      | Learned a level 2 spell: Blink
  1635 | D:2      | Learned a level 2 spell: Cigotuvi's Dreadful Rot
  1918 | D:2      | Noticed Terence
  1953 | D:2      | Killed Terence
  1954 | D:2      | Reached skill level 1 in Fighting
  1954 | D:2      | Reached skill level 1 in Armour
  2135 | D:2      | Found a glowing silver altar of Zin.
  2337 | D:3      | You fall into a shaft and drop 2 floors!
  2337 | D:5      | Entered Level 5 of the Dungeon
  2371 | D:5      | Reached XP level 4. HP: 10/23 MP: 13/13
  2487 | D:5      | Slain by an iguana

Illustrated notes

Levels and vault maps discovered:
D:1:      dpeg_arrival_water_temple_mockup, layout_basic,
          hellmonk_ecumenical_altar_heavens_door
D:2:      layout_loops_ring, basic_altar, uniq_terence
D:3:      minmay_octagon_keep, layout_rooms, mainiacjoe_overflow_24_doors,
          mainiacjoe_overflow_alcove_1, mainiacjoe_overflow_alcove_4,
          minmay_cupped, uniq_grinder
D:5:      layout_rooms, mainiacjoe_overflow_concentric_impassable, uniq_pikel,
          uniq_ijyb, uniq_duvessa, uniq_eustachio

Skill      XL: |  1  2  3 |
---------------+----------+-----
Spellcasting   | 5 |  5.8
Fighting       | 1 |  1.1
Armour         | 1 |  1.1
Conjurations   | 2 |  2.3
Dodging        | |  2.7
Stealth        | |  2.4
Shields        | |  0.4
Summonings     | |  1.1
Translocations | |  1.1

Action                   |  1- 3 |  4- 6 || total
-------------------------+-------+-------++-------
Melee: Dagger            |    26 |    24 ||    50
       Punch             |       |     1 ||     1
 Cast: Magic Dart        |    66 |    24 ||    90
       Mephitic Cloud    |     3 |     2 ||     5
       Cigotuvi's Dreadf |     2 |       ||     2
       Call Imp          |     1 |     2 ||     3
 Stab: Confused          |     6 |     1 ||     7
Armor: Leather armour    |       |     3 ||     3
       Robe              |       |     1 ||     1
Dodge: Dodged            |    10 |    13 ||    23
